 Dungeon Crawl Stone Soup version 0.28.0-53-g5a82cb258f (webtiles) character file.

Game seed: 14265987449058316350

274 firemarshallily the Slasher (level 6, -6/72 HPs)
             Began as a Demonspawn Gladiator on June 1, 2022.
             Was a Believer of Trog.
             Mangled by a hobgoblin
             ... wielding a +0 scythe
              (12 damage)
             ... on level 4 of the Dungeon.
             The game lasted 00:09:56 (3218 turns).

firemarshallily the Slasher (Demonspawn Gladiator)  Turns: 3218, Time: 00:09:57

Health: -6/72      AC: 23    Str: 17    XL:     6   Next: 3%
Magic:  6/6        EV:  2    Int:  7    God:    Trog [**....]
Gold:   163        SH:  0    Dex: 14    Spells: 5/5 levels left

rFire   . . .      SeeInvis .   a - +0 long sword
rCold   . . .      Faith    .   (no shield)
rNeg    . . .      Spirit   .   (armour currently unavailable)
rPois   +          Reflect  .   (helmet currently unavailable)
rElec   .          Harm     .   (cloak currently unavailable)
rCorr   .          Rampage  .   (gloves currently unavailable)
Will    .....      NoTele   +   (boots currently unavailable)
Stlth   +.........              (no amulet)
HPRegen 0.22/turn               (no ring)
MPRegen 0.10/turn               (no ring)

@: mighty, tree-form (expiring), on berserk cooldown, slowed, very slow
A: stationary, stasis, torment immunity, boosted hp, ignite blood 1, (sanguine
armour 2), dopey 1, screaming 1
a: Renounce Religion, Berserk, Trog's Hand


You were on level 4 of the Dungeon.
You worshipped Trog.
Trog was pleased with you.
You were a tree.
You visited 1 branch of the dungeon, and saw 4 of its levels.

You collected 163 gold pieces.

Inventory:

Hand Weapons
 a - a +0 long sword (weapon)
Missiles
 d - 4 throwing nets
 e - 74 stones
 l - 4 boomerangs (quivered)
Armour
 b - a +0 leather armour (melded)
 c - a +0 helmet (melded)
 o - a +0 ring mail
Scrolls
 g - a scroll of vulnerability {unknown}
 h - 2 scrolls of teleportation {unknown}
 i - a scroll of enchant weapon {unknown}
 k - 2 scrolls of blinking {unknown}
 m - a scroll of fear {unknown}
 p - 2 scrolls of identify {unknown}
 q - a scroll of immolation {unknown}
 r - a scroll of magic mapping {unknown}
 s - a scroll of amnesia {unknown}


   Skills:
 * Level 4.2 Fighting
 * Level 4.2 Long Blades
 - Level 2.0 Throwing
 + Level 2.0 Armour
 - Level 3.0 Dodging


You had 5 spell levels left.
You didn't know any spells.
Your spell library contained the following spells:

 Spells                   Type           Power      Damage    Failure   Level
 Shock                    Conj/Air       0%         1d3       43%         1
 Call Canine Familiar     Summ           0%         N/A       80%         3
 Ozocubu's Armour         Ice            0%         N/A       80%         3
 Portal Projectile        Hex/Tloc       0%         N/A       80%         3
 Swiftness                Air            0%         N/A       80%         3
 Airstrike                Air            0%         N/A       99%         4
 Leda's Liquefaction      Hex/Erth       0%         N/A       99%         4
 Ozocubu's Refrigeration  Ice            0%         4d5       100%        7


Dungeon Overview and Level Annotations

Branches:
Dungeon (4/15)
 Temple: D:4-7

Altars:
Gozag
Okawaru
Trog

Annotations:
D:4 3 runed translucent doors, 0gre's ghost, amateur GnIE


Innate Abilities, Weirdness & Mutations

You are a tree.
Your roots penetrate the ground, keeping you stationary.
You cannot be teleported.
You are immune to unholy pain and torment.
Your maximum health is greatly increased.
Your equipment is partially melded.
Your demonic aura sometimes causes spilled blood to erupt in flames.
((When seriously injured, your blood forms thick armour. (AC +0)))
You are dopey. (Int -2)
You occasionally shout uncontrollably at your foes.


Message History

Throw: 4 boomerangs
Press: ? - help, Q - select action, (/) - cycle Shift-Dir - straight line, f/p - hobgoblin
Aim: a hobgoblin, wielding a +0 scythe and wearing a +0 robe (moderately wounded, 62% to hit)
You throw a boomerang.
The boomerang hits the hobgoblin but does no damage.
The hobgoblin is moderately wounded.
Throw: 4 boomerangs
Press: ? - help, Q - select action, (/) - cycle Shift-Dir - straight line, f/p - hobgoblin
Aim: a hobgoblin, wielding a +0 scythe and wearing a +0 robe (moderately wounded, 62% to hit)
You throw a boomerang. The boomerang hits the hobgoblin!
You kill the hobgoblin!
Trog accepts your kill.
Throw: 4 boomerangs
Press: ? - help, Q - select action, (/) - cycle Shift-Dir - straight line, f - hobgoblin
Aim: a hobgoblin, wielding a +0 scythe and wearing a +0 robe (62% to hit)
You throw a boomerang.
The boomerang closely misses the hobgoblin.
Your transformation is almost over.
The hobgoblin hits you but does no damage. x2
Throw: 4 boomerangs
Press: ? - help, Q - select action, (/) - cycle Shift-Dir - straight line, f/p - hobgoblin
Aim: a hobgoblin, wielding a +0 scythe and wearing a +0 robe (62% to hit)
You throw a boomerang.
The boomerang closely misses the hobgoblin.
The hobgoblin hits you but does no damage. x2
Throw: 4 boomerangs
Press: ? - help, Q - select action, (/) - cycle Shift-Dir - straight line, f/p - hobgoblin
Aim: a hobgoblin, wielding a +0 scythe and wearing a +0 robe (62% to hit)
You throw a boomerang.
The boomerang hits the hobgoblin but does no damage.
The hobgoblin hits you but does no damage. x2
Throw: 4 boomerangs
Press: ? - help, Q - select action, (/) - cycle Shift-Dir - straight line, f/p - hobgoblin
Aim: a hobgoblin, wielding a +0 scythe and wearing a +0 robe (62% to hit)
You throw a boomerang. The boomerang hits the hobgoblin.
The hobgoblin is heavily wounded.
The hobgoblin hits you from afar with a +0 scythe.
* * * LOW HITPOINT WARNING * * *
The hobgoblin hits you from afar with a +0 scythe!
You die...

#.....#...
#.....##..
#.....##..
#........#
#.......##
#.......#g
#.##....+o
##########.##....+.
#.♣)g)......#....+.
#####.......#....#.
#..#.......#....##
#gg'...######'####
#.g#..#...........
#######...........
#...........
#.^.........
#...........


You could see a hobgoblin.

Vanquished Creatures
  2 scorpions (D:4)
  4 gnolls (D:4)
  2 adders (D:2)
  An adder skeleton (D:4)
  2 worms (D:2)
  7 orcs
  3 ball pythons
  11 bats
  5 endoplasms
  3 giant cockroaches
  9 goblins
  14 hobgoblins
  5 jackals
  3 quokkas
  5 frilled lizards
  5 kobolds
  4 rats
85 creatures vanquished.

Notes
Turn   | Place    | Note
-------+----------+-------------------------------------------
     0 | D:1      | firemarshallily the Demonspawn Gladiator began the quest
                  | for the Orb.
     0 | D:1      | Reached XP level 1. HP: 16/16 MP: 1/1
   248 | D:1      | Gained mutation: When seriously injured, your blood forms
                  | armour. (AC +0) [demonic ancestry]
   248 | D:1      | Reached XP level 2. HP: 22/22 MP: 2/2
   450 | D:1      | Found a faded altar of an unknown god.
   458 | D:1      | Prayed at the altar of an unknown god.
   458 | D:1      | Became a worshipper of Trog the Wrathful
   458 | D:1      | Reached * piety under Trog
   529 | D:1      | Reached XP level 3. HP: 20/28 MP: 3/3
   865 | D:2      | Reached ** piety under Trog
   866 | D:2      | Reached skill level 1 in Armour
  1024 | D:2      | Gained mutation: Your demonic aura sometimes causes spilled
                  | blood to erupt in flames. [demonic ancestry]
  1024 | D:2      | Reached XP level 4. HP: 35/35 MP: 4/4
  1812 | D:3      | Found an iron altar of Okawaru.
  2496 | D:4      | Noticed a scorpion
  2615 | D:4      | Gained mutation: When seriously injured, your blood forms
                  | thick armour. (AC +0) [demonic ancestry]
  2615 | D:4      | Reached XP level 5. HP: 26/41 MP: 5/5
  2905 | D:4      | Found a runed translucent gate.
  2905 | D:4      | Found a runed translucent gate.
  2905 | D:4      | Found an opulent altar of Gozag.
  2905 | D:4      | Found a runed translucent gate.
  2905 | D:4      | Noticed a steam dragon
  2907 | D:4      | Noticed 0gre's ghost (amateur GnIE)
  2921 | D:4      | Reached XP level 6. HP: 19/48 MP: 6/6
  3209 | D:4      | Gained mutation: You are dopey. (Int -2) [potion of
                  | mutation]
  3209 | D:4      | Gained mutation: You occasionally shout uncontrollably at
                  | your foes. [potion of mutation]
  3218 | D:4      | Mangled by a hobgoblin

Illustrated notes

Levels and vault maps discovered:
D:1:      dpeg_arrival_rooms_b, layout_rooms, basic_ecumenical_altar,
          minmay_cupped
D:2:      layout_basic, st_stairs_2
D:3:      layout_basic, mainiacjoe_overflow_small_starburst, st_stairs_2
D:4:      layout_gridville, elyvilon_altar_1, ebering_ghost_gozag, sigmund_army

Skill      XL: |  1  2  3  4  5 |
---------------+----------------+-----
Long Blades    | 3 4 |  4.2
Throwing       | 2 |  2.0
Armour         | 1 2 |  2.0
Dodging        | 3 |  3.0
Fighting       | 3 4 |  4.2

Action                   |  1- 3 |  4- 6 || total
-------------------------+-------+-------++-------
Melee: Long sword        |   122 |   118 ||   240
Throw: Boomerang         |       |    14 ||    14
Invok: Berserk           |       |     3 ||     3
  Use: Potion            |       |     3 ||     3
 Stab: Sleeping          |     1 |       ||     1
Armor: Leather armour    |    61 |    46 ||   107
       Skin              |       |     7 ||     7
Dodge: Dodged            |   124 |   103 ||   227
